 Dungeon Crawl Stone Soup version 0.28-a0-1387-g3a22ab9bdc (webtiles) character file.

Game seed: 5003325879664667841

4711 browni3141 the Cleaver (level 10, 0/78 HPs)
             Began as a Palentonga Berserker on Jan 3, 2022.
             Was a Priest of Trog.
             Slain by a basilisk (6 damage)
             ... while petrified by a basilisk
             ... on level 8 of the Dungeon.
             The game lasted 00:11:58 (8400 turns).

browni3141 the Cleaver (Palentonga Berserker)       Turns: 8400, Time: 00:11:58

Health: 0/78       AC: 18    Str: 20    XL:     10   Next: 22%
Magic:  10/10      EV:  1    Int:  9    God:    Trog [***...]
Gold:   442        SH:  0    Dex: 13    Spells: 9/9 levels left

rFire   . . .      SeeInvis +   a - +0 war axe (flame)
rCold   + . .      Faith    .   E - +0 buckler
rNeg    + + +      Spirit   .   p - +0 scale mail {rC+}
rPois   ∞          Reflect  .   D - +0 helmet
rElec   .          Harm     .   (no cloak)
rCorr   .          Rampage  .   (no gloves)
Will    .....                   (no barding)
Stlth   ..........              (no amulet)
HPRegen 0.23/turn               C - +4 ring of protection
MPRegen 0.12/turn               (no ring)

@: petrified, on berserk cooldown, hasted and slowed, curled up
A: large, rugged brown scales 3, see invisible, deformed body, roll 1, armoured
tail, reflexive curl
a: Rolling Charge, Renounce Religion, Berserk, Trog's Hand


You were on level 8 of the Dungeon.
You worshipped Trog.
Trog was most pleased with you.
You visited 1 branch of the dungeon, and saw 8 of its levels.
You also visited: Sewer.

You collected 554 gold pieces.
You spent 112 gold pieces at shops.

Inventory:

Hand Weapons
 a - a +0 war axe of flaming (weapon)
 x - a +0 hand axe
Missiles
 r - 36 poisoned darts
 y - a throwing net
Armour
 b - a +0 animal skin
 j - a +1 scale mail
 p - a +0 scale mail of cold resistance (worn)
 D - a +0 helmet (worn)
 E - a +0 buckler (worn)
Jewellery
 v - an amulet of magic regeneration
 C - a +4 ring of protection (left hand)
 H - a ring of flight
Wands
 h - a wand of iceblast (6)
Scrolls
 d - 2 scrolls of teleportation
 g - 3 scrolls of enchant armour
 i - 3 scrolls of amnesia
 n - a scroll of enchant weapon
 o - a scroll of holy word
 q - a scroll of immolation
 w - 2 scrolls of identify
 F - a scroll of fog {unknown}
Potions
 c - 2 potions of degeneration {unknown}
 e - 2 potions of brilliance {unknown}
 f - 2 potions of cancellation {unknown}
 k - a potion of magic {unknown}
 l - 4 potions of haste
 m - 2 potions of might {unknown}
 t - 2 potions of heal wounds {unknown}
 u - 4 potions of curing {unknown}
 z - 3 potions of mutation {unknown}
 A - 2 potions of resistance {unknown}
 B - a potion of invisibility {unknown}
 G - a potion of flight {unknown}
Miscellaneous
 s - a piece from Xom's chessboard (15/15)


   Skills:
 + Level 4.5 Fighting
 * Level 13.1 Axes
 - Level 1.5 Armour
 * Level 4.4 Dodging
 - Level 2.4 Shields
 + Level 2.9 Evocations


You had 9 spell levels left.
You didn't know any spells.
Your spell library was empty.

Dungeon Overview and Level Annotations

Branches:
Dungeon (8/15)             Temple (0/1) D:6           Sewer (visited)
   Lair: D:8-11

Altars:
Makhleb
Okawaru
Qazlal
Sif Muna
Vehumet
Xom
Yredelemnul
The Shining One

Shops:
D:2 ?   D:6 [   D:8 *


Innate Abilities, Weirdness & Mutations

You are completely covered in rugged brown scales. (AC +3, +7% HP)
You have supernaturally acute eyesight. (SInv)
Armour fits poorly on your strangely shaped body.
You can roll at nearby foes to attack.
You have a long armoured tail.
You curl defensively after being hit. (AC +7*)


Message History

You closely miss the basilisk. The basilisk gazes at you.
You resist with some effort.
You closely miss the basilisk. The basilisk bites you!
* * * LOW HITPOINT WARNING * * *
Your limbs are stiffening.
Unknown command.
Unknown command.
You slice the basilisk!! You burn the basilisk.
The basilisk is severely wounded.
You have turned to stone.
The basilisk bites you.
* * * LOW HITPOINT WARNING * * *
The basilisk bites you but does no damage. x2
The basilisk bites you.
* * * LOW HITPOINT WARNING * * *
The basilisk bites you.
* * * LOW HITPOINT WARNING * * *
The basilisk gazes at you. You resist with some effort.
The basilisk bites you but does no damage.
You are no longer berserk.
You feel yourself slow down. The basilisk gazes at you. The basilisk bites you!
* * * LOW HITPOINT WARNING * * *
You turn to flesh and can move again.
Unknown command.
Unknown command.
Okay, then.
It was a potion of haste.
You feel yourself speed up. The basilisk gazes at you.
You are slowing down.
The basilisk gazes at you.
Your limbs have turned to stone.
You have turned to stone.
The basilisk bites you.
* * * LOW HITPOINT WARNING * * *
The basilisk bites you but does no damage.
The basilisk bites you!
You die...

#....# #.# #.#
###### #.# #.#
### #.# #.# #.#
.. #.# #..###
########.#
#..l###........#
#@..#########
#####


You could see a basilisk.

Vanquished Creatures
  A komodo dragon (D:8)
  A hornet (D:8)
  Prince Ribbit (D:6)
  A steam dragon (D:8)
  6 vampire mosquitoes
  5 water moccasins
  3 orc warriors
  2 sky beasts
  2 ice beasts (D:7)
  2 necrophages
  A phantom (D:4)
  A centaur (D:8)
  2 kobold brigands
  A gnoll sergeant (D:7)
  A wyvern zombie (D:6)
  2 bullfrogs
  2 water moccasin skeletons
  A howler monkey (D:5)
  A wight (D:7)
  A bullfrog zombie (D:7)
  4 hounds
  A jelly (D:6)
  3 orc priests
  A gnoll shaman (D:5)
  2 centaur skeletons
  7 iguanas
  Ijyb (D:3)
  5 orc wizards
  Robin (D:4)
  16 gnolls
  6 adders
  2 shadow imps (D:5)
  6 white imps
  An ufetubus (D:5)
  3 worms
  3 dart slugs
  18 orcs
  8 ball pythons
  6 bats
  11 endoplasms
  5 giant cockroaches
  11 goblins
  7 hobgoblins
  6 jackals
  24 kobolds
  2 quokkas (D:2)
  6 frilled lizards
  5 rats
208 creatures vanquished.

Vanquished Creatures (others)
  10 plants
10 creatures vanquished.

Grand Total: 218 creatures vanquished

Notes
Turn   | Place    | Note
-------+----------+-------------------------------------------
     0 | D:1      | browni3141 the Palentonga Berserker began the quest for the
                  | Orb.
     0 | D:1      | Reached XP level 1. HP: 19/19 MP: 1/1
   194 | D:1      | Found a faded altar of an unknown god.
   202 | D:1      | Reached XP level 2. HP: 25/25 MP: 2/2
   834 | D:2      | Reached skill level 4 in Axes
   839 | D:2      | Reached XP level 3. HP: 31/31 MP: 3/3
   898 | D:2      | Noticed a necrophage
   907 | D:2      | Killed a necrophage
   908 | D:2      | Reached skill level 5 in Axes
   908 | D:2      | Reached XP level 4. HP: 37/37 MP: 4/4
  1213 | D:2      | Found Vonk's Magic Scroll Shoppe.
  1681 | D:3      | Reached XP level 5. HP: 42/43 MP: 5/5
  1701 | D:3      | Noticed Ijyb
  1719 | D:3      | Paralysed by Ijyb for 2 turns
  1721 | D:3      | Killed Ijyb
  1722 | D:3      | Reached skill level 6 in Axes
  1725 | D:3      | Reached ** piety under Trog
  1931 | D:3      | Found a shimmering altar of Xom.
  2114 | D:4      | Noticed Robin
  2171 | D:4      | Killed Robin
  2172 | D:4      | Reached XP level 6. HP: 50/50 MP: 6/6
  2298 | D:4      | Reached skill level 7 in Axes
  2495 | D:4      | Found a radiant altar of Vehumet.
  2646 | D:4      | Found a stormy altar of Qazlal.
  2846 | D:4      | Reached skill level 8 in Axes
  3019 | D:4      | Gained mutation: You curl defensively after being hit. (AC
                  | +7*) [Palentonga growth]
  3019 | D:4      | Reached XP level 7. HP: 47/55 MP: 7/7
  3358 | D:5      | Entered Level 5 of the Dungeon
  3364 | D:5      | Reached *** piety under Trog
  3700 | D:5      | Found an iron altar of Okawaru.
  3709 | D:5      | Reached skill level 9 in Axes
  3711 | D:5      | Found a basalt altar of Yredelemnul.
  4138 | D:5      | Reached XP level 8. HP: 35/62 MP: 8/8
  4540 | D:5      | Found a shimmering blue altar of Sif Muna.
  4716 | D:5      | Found a burning altar of Makhleb.
  4770 | D:6      | Reached skill level 10 in Axes
  4776 | D:6      | Found Caiss's Antique Armour Boutique.
  5023 | D:6      | Noticed Prince Ribbit
  5033 | D:6      | Found a glowing drain.
  5048 | D:6      | Killed Prince Ribbit
  5189 | Sewer    | Entered a sewer
  5291 | Sewer    | Reached skill level 11 in Axes
  6111 | D:6      | Reached skill level 12 in Axes
  6168 | D:6      | Found a staircase to the Ecumenical Temple.
  6240 | D:6      | Reached XP level 9. HP: 67/67 MP: 9/9
  6393 | D:6      | Bought a buckler for 112 gold pieces
  6497 | D:7      | Reached skill level 1 in Shields
  6503 | D:7      | Reached skill level 1 in Evocations
  7339 | D:7      | Reached **** piety under Trog
  7821 | D:8      | Found a glowing golden altar of the Shining One.
  7850 | D:8      | Found Aalur's Alliterative Accessories.
  8024 | D:8      | Reached XP level 10. HP: 77/77 MP: 10/10
  8041 | D:8      | Reached skill level 13 in Axes
  8400 | D:8      | Slain by a basilisk

Illustrated notes

Levels and vault maps discovered:
D:1:      lightli_arrival_noodles, layout_basic,
          dreamdust_ecumenical_altar_grove, minivault_5
D:2:      layout_loops_ring, serial_shops, shop_statue, kennysheep_nub
D:3:      layout_rooms, xom_butterflies, uniq_ijyb
D:4:      layout_gridville, lemuel_tele_altar, fiery_altar_vehumet,
          serial_bayou, serial_bayou_pond_d, serial_bayou_shore_b,
          serial_bayou_pond_a, serial_bayou_pond_a, uniq_robin
D:5:      layout_loops_cross, nicolae_sif_muna_condensation, lemuel_round_altar,
          grunt_temple_overflow_open
D:6:      layout_gridville, minmay_temple_entry_nine_rooms, serial_shops,
          nicolae_shop_stone, portal_sewer_entry_c, uniq_prince_ribbit1
D:7:      minmay_angry_zag, layout_loops_cross
D:8:      layout_basic, tso_oasis_becter, erik_lair_dragon,
          nicolae_alphabet_shops

Skill      XL: |  1  2  3  4  5  6  7  8  9 10 |
---------------+-------------------------------+-----
Axes           | 4 5 6 8 9 12 13 | 13.1
Dodging        | 4 |  4.4
Shields        | 2 |  2.4
Evocations     | 2 |  2.9
Fighting       | 4 |  4.5
Armour         | |  1.5

Action                   |  1- 3 |  4- 6 |  7- 9 | 10-12 || total
-------------------------+-------+-------+-------+-------++-------
Melee: Hand axe          |    64 |   160 |    17 |       ||   241
       Tailslap          |     7 |    19 |    46 |       ||    72
       War axe           |       |       |   298 |    22 ||   320
Throw: Dart              |       |       |     2 |     1 ||     3
Invok: Berserk           |     2 |     3 |    19 |     1 ||    25
 Abil: Rolling Charge    |     8 |    26 |    38 |     1 ||    73
Evoke: Wand              |       |       |       |     3 ||     3
  Use: Scroll            |       |     5 |     3 |       ||     8
       Potion            |       |       |       |     1 ||     1
Armor: Animal skin       |    25 |       |       |       ||    25
       Scale mail        |    14 |    47 |    87 |    12 ||   160
Dodge: Dodged            |    36 |    41 |   104 |     8 ||   189
Block: Buckler           |       |       |     7 |     2 ||     9

Table legend: (Time is in decaauts)
 A = Elapsed time spent in this place.
 B = Non-inter-level travel time spent in this place.
 C = Inter-level travel time spent in this place.
 D = Time resting spent in this place.
 E = Time spent auto-exploring this place.
 F = Levels seen in this place.
 G = Mean time per level.
                   A        B        C        D        E       F      G
               +--------+--------+--------+--------+--------+-----+--------+
         Total |   8625 |   8267 |    358 |   1716 |   5322 |   9 |  958.3 |
       Dungeon |   8320 |   7962 |    358 |   1706 |   5132 |   8 | 1040.0 |
         Sewer |    305 |    305 |      0 |     10 |    190 |   1 |  305.0 |
               +--------+--------+--------+--------+--------+-----+--------+

Top non-repeatable levels by time:
     D:6: 1562 daAuts
     D:4: 1524 daAuts
     D:5: 1198 daAuts
     D:7: 1019 daAuts
     D:2: 870 daAuts
     D:8: 832 daAuts
     D:1: 831 daAuts
     D:3: 480 daAuts
   Sewer: 305 daAuts
